 Dungeon Crawl Stone Soup version 0.27.1-1-g398f81649c (webtiles) character file.

Game seed: 17930702733230301573

22 acemry the Changer (level 2, 0/18 HPs)
             Began as an Octopode Transmuter on Sept 6, 2021.
             Slain by a goblin (6 damage)
             ... led by Robin
             ... on level 2 of the Dungeon.
             The game lasted 00:02:04 (1560 turns).

acemry the Changer (Octopode Transmuter)            Turns: 1560, Time: 00:02:04

Health: 0/18       AC:  1    Str:  9    XL:     2   Next: 91%
Magic:  4/5        EV: 13    Int: 15    God:
Gold:   69         SH:  0    Dex: 12    Spells: 4/5 levels left

rFire    . . .     SeeInvis .     - Unarmed
rCold    . . .     Faith    .   (no shield)
rNeg     . . .     Spirit   .   (helmet currently unavailable)
rPois    .         Reflect  .   (no amulet)
rElec    .         Harm     .   (no ring)
rCorr    .         Rampage  .   (no ring)
Will     .....                  (no ring)
Stlth    ++........             (no ring)
HPRegen  0.06/turn              (no ring)
MPRegen  0.09/turn              (no ring)
                                (no ring)
                                (no ring)

@: appendages (expiring)
A: tentacle spike 3, almost no armour, amphibious, 8 rings, camouflage 1,
gelatinous body 1, (nimble swimmer 1), tentacles
a: End Transformation


You were on level 2 of the Dungeon.
One of your tentacles had grown a beastly spike.
You visited 1 branch of the dungeon, and saw 2 of its levels.

You collected 69 gold pieces.

Inventory:

Armour
 b - a +1 hat (melded)
Scrolls
 e - a scroll of identify {unknown}
Potions
 a - a potion of heal wounds {unknown}
 c - a potion of flight {unknown}
 d - a potion of ambrosia {unknown}
 f - 2 potions of haste {unknown}


   Skills:
 - Level 1.0 Fighting
 - Level 2.0 Dodging
 - Level 3.0 Unarmed Combat
 - Level 2.0 Spellcasting
 + Level 3.3 Transmutations


You had 4 spell levels left.
You knew the following spells:

 Your Spells              Type           Power      Damage    Failure   Level
a - Beastly Appendage     Tmut           22%        N/A       5%          1

Your spell library contained the following spells:

 Spells                   Type           Power      Damage    Failure   Level
 Wereblood                Tmut           11%        N/A       9%          2
 Spider Form              Tmut/Pois      3%         N/A       32%         3
 Stone Arrow              Conj/Erth      2%         3d7       54%         3
 Ice Form                 Ice/Tmut       6%         N/A       73%         4
 Lehudib's Crystal Spear  Conj/Erth      0%         10d2      100%        8
 Animate Armour           Summ/Erth      Unusable   N/A       N/A         4

Dungeon Overview and Level Annotations

Branches:
Dungeon (2/15)

Altars:

Annotations:
D:2 Robin


Innate Abilities, Weirdness & Mutations

One of your tentacles has grown a beastly spike.
You cannot wear most types of armour.
You are amphibious.
You can wear up to eight rings at the same time.
Your skin changes colour to match your surroundings (Stealth+).
Your rubbery body absorbs attacks. (AC +1, EV +1)
((You are camouflaged near water. (Stealth+)))
You have tentacles for arms and can constrict up to eight enemies at once.


Message History

You tentacle-slap the goblin.
You kill the goblin!
Your tentacle spike disappears.
Your +1 hat unmelds from your body.
Robin of the Strong Arm comes into view.
They are wielding a +0 dagger.
One of your tentacles grows a vicious spike.
Your +1 hat melds into your body.
Robin roars a battlecry!
You hear a shout! x2 2 goblins come into view.
A goblin is wielding a +1 dagger of draining.
The goblin shouts!
A goblin comes into view. It is wielding a +0 dagger. x2
Robin roars a battlecry!
The goblin moves out of view.
You hear a shout!
Items here: ))) †.
Robin roars a battlecry!
You hear a shout!
The goblin unwields a +0 club.
The goblin wields a +0 hunting sling.
The goblin shoots a stone.
The stone misses you.
Robin points. "Kill!"
Your transformation is almost over.
Robin throws the goblin at you!
The goblin unwields a +0 hunting sling.
The goblin wields a +0 club.
The goblin misses you.
You tentacle-slap the goblin.
You kill the goblin!
Robin throws the goblin at you!
Items here: ( )) †.
A hobgoblin comes into view.
A goblin comes into view. It is wielding a +0 club.
The goblin hits you with a +0 dagger.
You tentacle-slap the goblin. Your grab misses the goblin.
The goblin is severely wounded.
Robin throws the goblin at you!
You barely miss the goblin. Your grab misses the goblin.
Your squeeze misses the goblin.
The goblin is severely wounded.
The goblin hits you with a +0 dagger.
You die...

#. ..#.# #.####.#†#
#.#..#.#.#
#.#..#.#.#####
#.#....#.#...#.##
#.#..............
#.##.........#.##
#......g....##
#....#g@....#
#.#..#)#.##.# #.
#.#..#.#.# .# #.#
#.#..#.#.# .# #.#
##.#..#g#.##.#
#.####.....#.#.g.
#.#........#.##g####.
#.#.##.....#g##..g...
#............g.g.g.g.


You could see Robin, a hobgoblin (strong) and 4 goblins.

Vanquished Creatures
  An adder (D:2)
  2 endoplasms (D:1)
  A giant cockroach (D:1)
  4 goblins (D:2)
  A hobgoblin (D:2)
  2 ball pythons (D:1)
  A kobold (D:1)
12 creatures vanquished.

Notes
Turn   | Place    | Note
-------+----------+-------------------------------------------
     0 | D:1      | acemry the Octopode Transmuter began the quest for the Orb.
     0 | D:1      | Reached XP level 1. HP: 13/13 MP: 3/3
     3 | D:1      | Noticed an electric eel
     9 | D:1      | Noticed an electric eel
    29 | D:1      | Found a faded altar of an unknown god.
  1408 | D:2      | Reached XP level 2. HP: 18/18 MP: 3/5
  1548 | D:2      | Noticed Robin
  1560 | D:2      | Slain by a goblin

Illustrated notes

Levels and vault maps discovered:
D:1:      arrival_aquarium_b, layout_basic, dreamdust_ecumenical_altar_grove
D:2:      layout_basic, uniq_natasha, uniq_robin

Skill      XL: |  1  2 |
---------------+-------+-----
Transmutations | 3 |  3.3
Fighting       | |  1.0
Dodging        | |  2.0
Unarmed Combat | |  3.0
Spellcasting   | |  2.0

Action                   || total
-------------------------++-------
Melee: Unarmed           ||    36
       Kick              ||     6
       Constrict         ||     6
       Punch             ||     1
       Tentacles         ||     1
 Cast: Beastly Appendage ||    13
 Stab: Sleeping          ||     1
Armor: Skin              ||     1
Dodge: Dodged            ||    17
